 Dungeon Crawl Stone Soup version 0.30-a0-373-gd37427bb62 (webtiles) character file.

Game seed: 7417643025619223174

91 NinjaNoafa the Shooter (level 4, 0/37 HPs)
             Began as a Minotaur Hunter on Nov 23, 2022.
             Slain by an orc wizard
             ... wielding a +0 dagger
              (2 damage)
             ... on level 3 of the Dungeon.
             The game lasted 00:04:13 (1912 turns).

NinjaNoafa the Shooter (Minotaur Hunter)            Turns: 1912, Time: 00:04:14

Health: 0/37       AC:  4    Str: 16    XL:     4   Next: 34%
Magic:  3/3        EV: 12    Int:  6    God:
Gold:   116        SH:  0    Dex: 15    Spells: 3/3 levels left

rFire   . . .      SeeInvis .    a - +0 shortbow
rCold   . . .      Faith    .    (shield currently unavailable)
rNeg    . . .      Spirit   .    c - +0 leather armour
rPois   .          Reflect  .    (helmet restricted)
rElec   .          Harm     .    (no cloak)
rCorr   .          Rampage  .    (no gloves)
Will    .....                    d - +0 pair of boots
Stlth   +.........               (no amulet)
HPRegen 0.26/turn                (no ring)
MPRegen 0.08/turn                (no ring)

@: mighty, brilliant, flying
A: horns 2, retaliatory headbutt
a: no special abilities


You were on level 3 of the Dungeon.
You visited 1 branch of the dungeon, and saw 3 of its levels.

You collected 116 gold pieces.

Inventory:

Hand Weapons
 a - a +0 shortbow (weapon)
Missiles
 g - 13 stones
 h - a throwing net
 j - 2 poisoned darts
 k - 11 boomerangs
Armour
 c - a +0 leather armour (worn)
 d - a +0 pair of boots (worn)
Jewellery
 o - the ring of Pride {Ice rElec}
   (You found it on level 2 of the Dungeon)

   [ring of ice]

   It enhances your ice magic.
   rF:        It makes you vulnerable to fire.
   rC:        It protects you from cold.
   rElec:     It insulates you from electricity.
Scrolls
 b - a scroll of immolation
 f - 4 scrolls of identify {unknown}
 i - a scroll of fear {unknown}


   Skills:
 - Level 2.4 Fighting
 + Level 6.1 Ranged Weapons
 - Level 2.0 Armour
 - Level 2.1 Dodging
 - Level 0.7 Stealth


You had 3 spell levels left.
You didn't know any spells.
Your spell library contained the following spells:

 Spells                   Type           Power      Damage    Failure   Level
 Freeze                   Ice            0%         1d3       52%         1
 Frozen Ramparts          Ice            0%         1d1       88%         3
 Hailstorm                Conj/Ice       0%         3d3       88%         3


Dungeon Overview and Level Annotations

Branches:
Dungeon (3/15)

Altars:
Uskayaw


Innate Abilities, Weirdness & Mutations

You have a pair of horns on your head.
You reflexively headbutt those who attack you in melee.


Message History

The orc hits you with a +0 flail.
You shoot an arrow. The orc closely misses you. Something hits you.
* * * LOW HITPOINT WARNING * * *
You shoot an arrow. Something hits you.
* * * LOW HITPOINT WARNING * * *
The orc barely misses you.
It was a potion of brilliance.
You feel clever all of a sudden. The orc hits you but does no damage.
Something hits you.
* * * LOW HITPOINT WARNING * * *
It was a potion of magic.
Magic courses through your body. The orc barely misses you.
You hear some strange, mumbled words.
You are confused.
It was a potion of might.
You feel very mighty all of a sudden. The orc completely misses you.
Something hits you but does no damage.
It was a potion of flight.
You feel very buoyant.
You fly up into the air.
The orc hits you but does no damage.
You hear some strange, mumbled words.
Something tries to affect you, but you resist.
You closely miss something. Your headbutt misses something.
The orc barely misses you. Something hits you.
* * * LOW HITPOINT WARNING * * *
Something hits you but does no damage. The orc closely misses you.
You clumsily bash something but do no damage.
Your headbutt misses something. The orc hits you with a +0 flail.
* * * LOW HITPOINT WARNING * * *
Something hits you.
* * * LOW HITPOINT WARNING * * *
Unknown command.
Okay, then.
You are too confused!
Unknown command.
You feel more clever all of a sudden.
You feel less confused. The orc misses you. You furiously retaliate!
You headbutt the orc!
You kill the orc!
Something hits you.
You die...

.......
#..######.#.##...
####### #..#
#.......# # #..#
#..###.... # #..#
#..# .### #..#
##..# . #..#
#...# . ...#
#..## ######..#
#@{.....#
#)####.###### #o#
#......... #.#
#.######## #)#
#.# #.# #.# .(#
#.# ### #.# #.#


You could see an orc.

Vanquished Creatures
  An orc wizard (D:3)
  An adder (D:2)
  A worm (D:2)
  3 dart slugs
  2 orcs (D:3)
  3 bats
  5 endoplasms
  A giant cockroach (D:1)
  4 goblins
  3 hobgoblins
  9 jackals (D:1)
  2 quokkas (D:1)
  3 ball pythons
  2 frilled lizards (D:2)
  4 kobolds
  2 rats (D:2)
46 creatures vanquished.

Notes
Turn   | Place    | Note
-------+----------+-------------------------------------------
     0 | D:1      | NinjaNoafa the Minotaur Hunter began the quest for the Orb.
     0 | D:1      | Reached XP level 1. HP: 18/18 MP: 0/0
   174 | D:1      | Reached skill level 1 in Armour
   382 | D:1      | Reached XP level 2. HP: 25/25 MP: 1/1
   415 | D:1      | Found a faded altar of an unknown god.
   639 | D:1      | Reached skill level 5 in Ranged Weapons
   646 | D:1      | Reached XP level 3. HP: 28/30 MP: 2/2
  1095 | D:2      | Found a hide-covered altar of Uskayaw.
  1760 | D:2      | Identified the ring of Pride {Ice rElec}
  1894 | D:3      | Reached XP level 4. HP: 28/37 MP: 3/3
  1897 | D:3      | Reached skill level 6 in Ranged Weapons
  1912 | D:3      | Slain by an orc wizard

Illustrated notes

Levels and vault maps discovered:
D:1:      matt_arrival_diagonals, layout_loops_ring, serial_co_window_serial,
          co_window_corner_a, co_window_paths_b, co_window_cross_1,
          co_window_of_opportunity_a, co_window_paths_a,
          co_window_of_opportunity_a, co_window_corner_a, co_window_corner_ca,
          co_window_of_opportunity_b, co_window_broadway_a, co_window_2corner,
          hellmonk_ecumenical_altar_heavens_door
D:2:      layout_loops_ring, basic_altar, minivault_25, roderic_lattice_a,
          st_stairs_11, kennysheep_generic_room_11
D:3:      layout_loops_ring, uniq_ijyb

Skill      XL: |  1  2  3  4 |
---------------+-------------+-----
Armour         | 1 2 |  2.0
Ranged Weapons | 5 6 |  6.1
Fighting       | |  2.4
Dodging        | |  2.1
Stealth        | |  0.7

Action                   |  1- 3 |  4- 6 || total
-------------------------+-------+-------++-------
Melee: Shortbow          |       |     3 ||     3
 Fire: Shortbow          |    90 |     6 ||    96
Throw: Javelin           |     2 |       ||     2
       Dart              |       |     1 ||     1
  Use: Potion            |       |     5 ||     5
Armor: Leather armour    |    30 |    12 ||    42
Dodge: Dodged            |    61 |    13 ||    74

Table legend: (Time is in decaauts)
 A = Elapsed time spent in this place.
 B = Non-inter-level travel time spent in this place.
 C = Inter-level travel time spent in this place.
 D = Time resting spent in this place.
 E = Time spent auto-exploring this place.
 F = Levels seen in this place.
 G = Mean time per level.
                   A        B        C        D        E       F      G
               +--------+--------+--------+--------+--------+-----+--------+
         Total |   1940 |   1874 |     66 |      0 |   1488 |   3 |  646.7 |
       Dungeon |   1940 |   1874 |     66 |      0 |   1488 |   3 |  646.7 |
               +--------+--------+--------+--------+--------+-----+--------+

Top non-repeatable levels by time:
     D:1: 1076 daAuts
     D:2: 744 daAuts
     D:3: 119 daAuts
